 Dungeon Crawl Stone Soup version 0.29.1-15-g9cfb28693d (webtiles) character file.

Game seed: 13621645437273294581

98 nightchill the Chopper (level 4, 36/45 HPs)
             Began as a Hill Orc Fighter on Mar 3, 2023.
             Was a Plaything of Xom.
             Quit the game on level 2 of the Dungeon.
             The game lasted 00:02:39 (1131 turns).

nightchill the Chopper (Hill Orc Fighter)           Turns: 1131, Time: 00:02:40

Health: 36/45      AC:  6    Str: 20    XL:     4   Next: 71%
Magic:  4/4        EV:  9    Int:  8    God:    Xom [.....*]
Gold:   41         SH:  8    Dex: 10    Spells: 3/3 levels left

rFire   . . .      SeeInvis .   a - +0 war axe
rCold   . . .      Faith    .   c - +0 buckler
rNeg    . . .      Spirit   .   b - +0 scale mail
rPois   .          Reflect  .   (no helmet)
rElec   +          Harm     .   (no cloak)
rCorr   .          Rampage  .   (no gloves)
Will    .....                   (no boots)
Stlth   ..........              (no amulet)
HPRegen 0.15/turn               (no ring)
MPRegen 0.09/turn               (no ring)

@: cleaving
A: large bone plates 1, robust 1, electricity resistance
a: Renounce Religion


You were on level 2 of the Dungeon.
You worshipped Xom.
You were Xom's teddy bear.
You visited 1 branch of the dungeon, and saw 2 of its levels.

You collected 41 gold pieces.

Inventory:

Hand Weapons
 a - a +0 war axe (weapon)
Armour
 b - a +0 scale mail (worn)
 c - a +0 buckler (worn)
Jewellery
 h - a +6 ring of dexterity
Scrolls
 e - a scroll of noise {unknown}
 f - a scroll of vulnerability {unknown}
 g - a scroll of fog {unknown}
Potions
 d - a potion of might
 i - a potion of mutation {unknown}


   Skills:
 + Level 4.6 Fighting
 * Level 5.4 Axes
 - Level 3.2 Armour
 - Level 3.2 Shields


You had 3 spell levels left.
You didn't know any spells.
Your spell library contained the following spells:

 Spells                   Type           Power      Damage    Failure   Level
 Ensorcelled Hibernation  Hex/Ice        0%         N/A       94%         2
 Passwall                 Tmut/Erth      0%         N/A       94%         2
 Swiftness                Air            0%         N/A       99%         3


Dungeon Overview and Level Annotations

Branches:
Dungeon (2/15)

Altars:
Xom


Innate Abilities, Weirdness & Mutations

You are partially covered in large bone plates. (SH +4)
You are robust. (+10% HP)
You are resistant to electric shocks. (rElec)


Message History

You kill Robin!
You closely miss the kobold. You hit the goblin.
You closely miss the hobgoblin. You hit the goblin but do no damage.
You hit the goblin. You block the goblin's attack.
The hobgoblin barely misses you. The kobold hits you but does no damage.
The goblin barely misses you. The goblin hits you but does no damage.
You closely miss the goblin.
The goblin is almost dead.
You hit the goblin.
You kill the goblin!
You closely miss the kobold. You hit the goblin.
You kill the goblin!
You barely miss the hobgoblin. The hobgoblin closely misses you.
The kobold hits you but does no damage. The goblin barely misses you.
You closely miss the goblin.
The goblin is almost dead.
You barely miss the hobgoblin. You hit the kobold.
You kill the kobold!
The hobgoblin no longer looks unusually strong.
The goblin no longer looks unusually strong.
The hobgoblin hits you but does no damage.
You block the goblin's attack.
You hit the goblin.
You kill the goblin!
You hit the hobgoblin but do no damage. You block the hobgoblin's attack. x2
You hit the hobgoblin.
The hobgoblin is heavily wounded.
The hobgoblin barely misses you.
You hit the hobgoblin.
The hobgoblin is almost dead.
You block the hobgoblin's attack.
You slash the hobgoblin!
You kill the hobgoblin!
No target in view!
Found 2 fizzy brown potions.
Things that are here:
a +0 club; a hobgoblin corpse; a goblin corpse
i - an amethyst potion
Okay, then.
Are you sure you want to abandon this character and quit the game? (Confirm with "yes".)

# ### .. #. ..##!.
... ##.##..#.##
.....
..........##.....
..........#......
#..........#......
#>...............
##.......@).......
...........)))#....
..............#....
#..........)))......
##
...###.##...#......
. #..##.............
##.
#..#..##)##......
....... ##....##.#
###...
......#.##......#.#
...


There were no monsters in sight!

Vanquished Creatures
  An orc priest (D:2)
  Robin (D:2)
  A gnoll (D:1)
  A dart slug (D:1)
  3 orcs (D:2)
  4 endoplasms (D:1)
  A giant cockroach (D:1)
  10 goblins
  3 hobgoblins
  2 quokkas (D:1)
  2 ball pythons (D:1)
  5 bats (D:1)
  2 frilled lizards (D:1)
  2 kobolds (D:2)
38 creatures vanquished.

Notes
Turn   | Place    | Note
-------+----------+-------------------------------------------
     0 | D:1      | nightchill the Hill Orc Fighter began the quest for the
                  | Orb.
     0 | D:1      | Reached XP level 1. HP: 19/19 MP: 1/1
     7 | D:1      | Found a faded altar of an unknown god.
    10 | D:1      | Prayed at the altar of an unknown god.
    10 | D:1      | Became a worshipper of Xom of Chaos
   141 | D:1      | Reached skill level 3 in Axes
   198 | D:1      | Reached XP level 2. HP: 21/27 MP: 2/2
   290 | D:1      | Reached skill level 4 in Axes
   368 | D:1      | XOM: silly message
   383 | D:1      | XOM: give mutations
   383 | D:1      | Gained mutation: You are partially covered in large bone
                  | plates. (SH +4) [Xom's grace]
   383 | D:1      | Gained mutation: You are robust. (+10% HP) [Xom's grace]
   425 | D:1      | Reached XP level 3. HP: 33/36 MP: 3/3
   911 | D:2      | Reached skill level 5 in Axes
   911 | D:2      | Reached XP level 4. HP: 27/45 MP: 4/4
  1064 | D:2      | XOM: give mutation
  1064 | D:2      | Gained mutation: You are resistant to electric shocks.
                  | (rElec) [Xom's grace]
  1108 | D:2      | Noticed Robin
  1114 | D:2      | XOM: cleaving
  1121 | D:2      | Killed Robin
  1131 | D:2      | Quit the game

Illustrated notes

Levels and vault maps discovered:
D:1:      dpeg_arrival_tiny_i, layout_rooms, basic_ecumenical_altar
D:2:      layout_rooms, uniq_robin

Skill      XL: |  1  2  3 |
---------------+----------+-----
Axes           | 3 4 5 |  5.4
Fighting       | 4 |  4.6
Armour         | |  3.2
Shields        | |  3.2

Action                   |  1- 3 |  4- 6 || total
-------------------------+-------+-------++-------
Melee: War axe           |    76 |    30 ||   106
Armor: Scale mail        |    26 |    16 ||    42
Dodge: Dodged            |    33 |    28 ||    61
Block: Buckler           |    30 |    16 ||    46
